 Seeded DCSS version 0.30-a0-141-g30f27751c5 (webtiles) character file.

Game seed: 680249097385136553 (custom seed)

59 SigmundSlayer the Magician (level 3, -7/19 HPs)
             Began as a Deep Elf Earth Elementalist on Sept 25, 2022.
             Was an Initiate of Vehumet.
             Killed from afar by a charred statue (10 damage)
             ... with a puff of flame
             ... on level 3 of the Dungeon.
             The game lasted 00:01:42 (1831 turns).

SigmundSlayer the Magician (DEEE)                   Turns: 1831, Time: 00:01:43

Health: -7/19      AC:  2    Str:  5    XL:     3   Next: 78%
Magic:  11/11      EV: 28    Int: 21    God:    Vehumet [......]
Gold:   79         SH:  0    Dex: 15    Spells: 11/12 levels left

rFire   . . .      SeeInvis .    g - +1 short sword (venom)
rCold   . . .      Faith    .    (no shield)
rNeg    . . .      Spirit   .    a - +0 robe
rPois   .          Reflect  .    (no helmet)
rElec   .          Harm     .    (no cloak)
rCorr   .          Rampage  .    (no gloves)
Will    .....                    (no boots)
Stlth   ++........               d - amulet of the acrobat
HPRegen 0.06/turn                (no ring)
MPRegen 0.12/turn                (no ring)

@: acrobatic
A: no striking features
a: Renounce Religion


You were on level 3 of the Dungeon.
You worshipped Vehumet.
Vehumet was noncommittal.
You visited 1 branch of the dungeon, and saw 3 of its levels.

You collected 79 gold pieces.

Inventory:

Hand Weapons
 g - a +1 short sword of venom (weapon)
Armour
 a - a +0 robe (worn)
Jewellery
 d - an amulet of the acrobat (around neck)
Wands
 m - a wand of mindburst (7)
Scrolls
 e - 3 scrolls of enchant armour {unknown}
 f - 2 scrolls of amnesia {unknown}
 o - 2 scrolls of teleportation {unknown}
Potions
 b - a potion of magic
 c - 2 potions of flight {unknown}
 h - 4 potions of curing {unknown}
 i - a potion of might {unknown}
 j - 2 potions of brilliance {unknown}
 k - a potion of berserk rage {unknown}
 l - a potion of cancellation {unknown}
 n - a potion of heal wounds {unknown}


   Skills:
 - Level 3.5 Dodging
 - Level 2.4 Stealth
 - Level 5.0 Spellcasting
 - Level 1.1 Transmutations
 + Level 3.2 Earth Magic


You had 11 spell levels left.
You knew the following spells:

 Your Spells              Type           Power      Damage    Failure   Level
a - Sandblast             Erth           38%        2d10      2%          1

Your spell library contained the following spells:

 Spells                   Type           Power      Damage    Failure   Level
 Passwall                 Tmut/Erth      11%        N/A       7%          2
 Magic Dart               Conj           20%        1d4       11%         1
 Searing Ray              Conj           10%        2d4       16%         2
 Stone Arrow              Conj/Erth      24%        3d8       17%         3
 Petrify                  Tmut/Erth      14%        N/A       41%         4
 Fulminant Prism          Conj/Hex       2%         3d6       71%         4


Dungeon Overview and Level Annotations

Branches:
Dungeon (3/15)

Altars:
Vehumet

Annotations:
D:3 exclusion: statue


Message History

The blast of sand hits the orc!
You kill the orc!
An orc comes into view.
It is wielding a +1 flail of holy wrath.
The blast of sand hits the orc!
You kill the orc!
The blast of sand hits the orc!
You kill the orc!
The blast of sand hits the orc!
You kill the orc!
The blast of sand hits the orc!
You kill the orc!
Things that are here:
a +1 flail of holy wrath; a +0 leather armour; an orc corpse
o - 2 scrolls labelled YRYDAR XONUSS (gained 1)
A dart slug comes into view.
The blast of sand hits the dart slug!
The dart slug is severely wounded.
The blast of sand hits the dart slug!
You kill the dart slug!
Training target 5.0 for Spellcasting reached!
Your Spellcasting skill increases to level 5!
You need to enable at least one skill for training.
A charred statue comes into view.
Found a radiant altar of Vehumet.
Marking area around a charred statue as unsafe for travelling.
You see here a wand of mindburst (5).
The charred statue gestures at you. The puff of flame hits you!
Ouch! That really hurt!
There is a radiant altar of Vehumet here.
You kneel at the altar of Vehumet.
Vehumet welcomes you! The charred statue gestures at you.
The puff of flame hits you.
* * * LOW HITPOINT WARNING * * *
Okay, then.
The charred statue gestures at you. The puff of flame hits you!
Ouch! That really hurt!
You die...

##### #. ..#...# ..#
#.#.8.# #.# #.#...#
#.# #.#._.# ###.#
#.#...# ..#.#
##.#...#
#.#.########..#.@.#
#.#...........##/##.#
#.#.†########.......#
#....# #.#.#...#
###.## #.....### #..#
#.##### ##.# #.# #.#
..# #.# #..#


You could see a charred statue.

Vanquished Creatures
  A gnoll (D:1)
  2 worms (D:2)
  2 dart slugs
  5 orcs (D:3)
  4 bats
  2 endoplasms (D:2)
  A giant cockroach (D:2)
  2 hobgoblins
  2 jackals (D:3)
  4 kobolds
  A quokka (D:3)
  2 ball pythons (D:1)
  3 frilled lizards
  4 rats
35 creatures vanquished.

Notes
Turn   | Place    | Note
-------+----------+-------------------------------------------
     0 | D:1      | SigmundSlayer the Deep Elf Earth Elementalist began the
                  | quest for the Orb.
     0 | D:1      | Reached XP level 1. HP: 10/10 MP: 6/6
   486 | D:1      | Reached XP level 2. HP: 15/15 MP: 4/8
   802 | D:2      | Reached skill level 4 in Spellcasting
   850 | D:2      | Found a faded altar of an unknown god.
   911 | D:2      | Reached XP level 3. HP: 19/19 MP: 8/10
  1793 | D:3      | Reached skill level 5 in Spellcasting
  1822 | D:3      | Found a radiant altar of Vehumet.
  1822 | D:3      | Noticed a charred statue
  1828 | D:3      | Became a worshipper of Vehumet
  1831 | D:3      | Killed from afar by a charred statue

Illustrated notes

Levels and vault maps discovered:
D:1:      eino_arrival_water_star, layout_basic
D:2:      layout_loops_ring, shapermc_ecumenical_altar_mp_urbaneastern,
          nrook_campfire
D:3:      layout_loops_ring, okawaru_metal_pillars_1_2, vehumet_statue

Skill      XL: |  1  2  3 |
---------------+----------+-----
Dodging        | 3 |  3.5
Spellcasting   | 4 5 |  5.0
Stealth        | |  2.4
Transmutations | |  1.1
Earth Magic    | |  3.2

Action                   || total
-------------------------++-------
Melee: Unarmed           ||     1
 Cast: Sandblast         ||    45
Dodge: Dodged            ||     3

Table legend: (Time is in decaauts)
 A = Elapsed time spent in this place.
 B = Non-inter-level travel time spent in this place.
 C = Inter-level travel time spent in this place.
 D = Time resting spent in this place.
 E = Time spent auto-exploring this place.
 F = Levels seen in this place.
 G = Mean time per level.
                   A        B        C        D        E       F      G
               +--------+--------+--------+--------+--------+-----+--------+
         Total |   1854 |   1827 |     27 |      0 |   1631 |   3 |  618.0 |
       Dungeon |   1854 |   1827 |     27 |      0 |   1631 |   3 |  618.0 |
               +--------+--------+--------+--------+--------+-----+--------+

Top non-repeatable levels by time:
     D:1: 767 daAuts
     D:2: 692 daAuts
     D:3: 393 daAuts
